 Dungeon Crawl Stone Soup version 0.13-a0-2318-gf5ad1f9 (webtiles) character file.

671 ManOfSteam the Slinger (level 7, -2/44 HPs)
             Began as a Halfling Hunter on July 10, 2013.
             Slain by a big kobold
             ... wielding a +2,+1 short sword
              (3 damage)
             ... on Level 9 of the Dungeon.
             The game lasted 00:14:12 (1589 turns).

ManOfSteam the Slinger (Halfling Hunter)            Turns: 1589, Time: 00:14:12

HP  -2/44        AC  5     Str  9      XL: 7   Next: 60%
MP   6/6         EV 11     Int 11      God:
Gold 101         SH  0     Dex 19      Spells:  0 memorised,  6 levels left

Res.Fire  : . . .   See Invis. : .   b - +1 sling
Res.Cold  : . . .   Warding    : .   j - +0 ring mail
Life Prot.: . . .   Conserve   : .   (no shield)
Res.Poison: .       Res.Corr.  : .   (no helmet)
Res.Elec. : .       Clarity    : .   (no cloak)
Sust.Abil.: . .     Spirit.Shd : .   (no gloves)
Res.Mut.  : .       Stasis     : .   (no boots)
Res.Rott. : .       Flight     : .   p - amulet of inaccuracy {unknown}
Saprovore : . . .                    (no ring)
                                     e - +0,+8 ring of slaying {unknown}

@: slightly resistant to hostile enchantments, fairly stealthy
A: mutation resistance 1, slow metabolism 1
a: no special abilities


You were on level 9 of the Dungeon.
You were not hungry.

You visited 1 branch of the dungeon, and saw 9 of its levels.

You collected 81 gold pieces.

Inventory:

Hand weapons
 a - a +0,+0 short sword
 b - a +1,+1 sling (weapon)
 l - a +0,+0 sling
Armour
 d - a +0 leather armour
 j - a +0 ring mail (worn)
Comestibles
 f - a bread ration
 m - a meat ration
Scrolls
 g - a scroll of identify {unknown}
 h - 2 scrolls of remove curse {unknown}
 k - a scroll of noise
 n - a scroll of blinking
 o - a scroll of enchant weapon II {unknown}
 s - a scroll of magic mapping {unknown}
Jewellery
 e - a +0,+8 ring of slaying (left hand) {unknown}
 p - an amulet of inaccuracy (around neck) {unknown}
Potions
 i - a potion of might
 q - a potion of cure mutation {unknown}
Magical staves
 r - an uncursed staff of fire {unknown}


   Skills:
 + Level 0.8 Fighting
 * Level 2.6 Short Blades
 + Level 10.4 Slings
 * Level 2.3 Throwing
 + Level 1.9 Armour
 + Level 3.4 Dodging
 + Level 1.9 Stealth
 + Level 0.2 Traps


You had 6 spell levels left.
You didn't know any spells.

Dungeon Overview and Level Annotations

Branches:
Dungeon (9/27)
 Temple: D:4-7          Orc: D:6-11        Lair: D:8-13

Altars:

Annotations
D:5 Go away!


Innate Abilities, Weirdness & Mutations

You are small and have problems with some larger weapons.
You are somewhat resistant to further mutation.
You have a slow metabolism.


Message History

The kobold barely misses you. The big kobold misses you.
The kobold barely misses you.
You barely miss the big kobold.
The big kobold is severely wounded.
The big kobold hits you with a short sword.
* * * LOW HITPOINT WARNING * * *
The kobold closely misses you.
You miss the big kobold.
The big kobold is severely wounded.
The big kobold hits you with a short sword.
* * * LOW HITPOINT WARNING * * *
The kobold completely misses you.
The big kobold hits you with a short sword.
* * * LOW HITPOINT WARNING * * *
The kobold hits you with a whip.
* * * LOW HITPOINT WARNING * * *
You closely miss the big kobold.
The big kobold is severely wounded.
The big kobold hits you with a short sword.
You die...

K# #..# #.#.# .# #..#
#.#.# .# #..# #.#.#
'######..# #.#.####+###
.........# #.#.........#
.........# #.#.........#
....K....# #.#.........#
........K###.#.K.......#
...###........(K@......#
...# #...###.#.........#
...# #...# #.#.####+###.
...# #...# #.#.# ...#
#.... ....# .... .....
..#.# .............#.#
....##..####.#.# . .
#.#.#


You could see a big kobold and 2 kobolds.

Vanquished Creatures
  2 hippogriffs (D:7)
  A hill giant skeleton (D:6)
  A crimson imp (D:5)
  An orc priest (D:3)
  An orc wizard (D:3)
  A scorpion (D:7)
  A worker ant (D:5)
  A giant mite (D:5)
  4 orcs
  A giant cockroach (D:7)
  4 hobgoblins
  4 jackals (D:1)
  4 kobolds
  3 bats
  A giant newt (D:6)
  A rat (D:3)
31 creatures vanquished.

Notes
Turn   | Place    | Note
--------------------------------------------------------------
     0 | D:1      | ManOfSteam, the Halfling Hunter, began the quest for the Orb.
     0 | D:1      | Reached XP level 1. HP: 14/14 MP: 0/0
    25 | D:1      | Reached skill level 6 in Slings
    69 | D:1      | Reached XP level 2. HP: 6/19 MP: 1/1
   394 | D:3      | Reached skill level 7 in Slings
   394 | D:3      | Reached XP level 3. HP: 8/24 MP: 2/2
   403 | D:3      | Reached XP level 4. HP: 4/29 MP: 3/3
   734 | D:5      | Entered Level 5 of the Dungeon
   748 | D:5      | Reached skill level 8 in Slings
   748 | D:5      | Reached XP level 5. HP: 34/34 MP: 4/4
   810 | D:5      | Reached skill level 1 in Armour
   847 | D:6      | Noticed a hill giant skeleton
   867 | D:6      | Killed a hill giant skeleton
   867 | D:6      | Reached skill level 9 in Slings
   867 | D:6      | Reached XP level 6. HP: 17/39 MP: 5/5
  1152 | D:7      | Noticed a hippogriff
  1242 | D:7      | Noticed a hippogriff
  1253 | D:7      | Killed a hippogriff
  1253 | D:7      | Reached skill level 1 in Short Blades
  1253 | D:7      | Reached skill level 10 in Slings
  1253 | D:7      | Reached skill level 1 in Throwing
  1253 | D:7      | Reached XP level 7. HP: 28/44 MP: 6/6
  1352 | D:7      | Killed a hippogriff
  1379 | D:7      | Noticed an orc warrior
  1588 | D:9      | HP: 1/44 [kobold/whip (5)]
  1589 | D:9      | Slain by a big kobold

Action                   |  1- 3 |  4- 6 |  7- 9 || total
-------------------------+-------+-------+-------++-------
Melee: Sling             |       |       |    15 ||    15
 Fire: Sling             |    29 |    45 |    18 ||    92
  Use: Scroll            |     2 |     1 |     2 ||     5
       Potion            |     1 |       |       ||     1
